 Dungeon Crawl Stone Soup version 0.27.1-33-g824d729ab1 (webtiles) character file.

Game seed: 14447683273033985814

907 lordive the Skirmisher (level 8, -1/126 HPs)
             Began as an Ogre Berserker on Dec 26, 2021.
             Was a Priest of Trog.
             Slain by an orc wizard (3 damage)
             ... on level 5 of the Dungeon.
             The game lasted 00:07:35 (5557 turns).

lordive the Skirmisher (Ogre Berserker)             Turns: 5557, Time: 00:07:35

Health: -1/126     AC:  3    Str: 24    XL:     8   Next: 8%
Magic:  8/8        EV: 10    Int:  8    God:    Trog [***...]
Gold:   133        SH:  0    Dex:  8    Spells: 7/7 levels left

rFire    . . .     SeeInvis .   n - +0 giant club
rCold    . . .     Faith    .   (shield currently unavailable)
rNeg     + + .     Spirit   .   b - +0 animal skin
rPois    .         Reflect  .   (helmet restricted)
rElec    .         Harm     .   (no cloak)
rCorr    .         Rampage  .   (gloves unavailable)
Will     .....                  (boots unavailable)
Stlth    ..........             (no amulet)
HPRegen  0.31/turn              l - ring of positive energy
MPRegen  0.11/turn              o - ring of positive energy

@: berserking (expiring), very quick
A: large, unfitting armour, tough skin 1
a: Renounce Religion, Berserk, Trog's Hand


You were on level 5 of the Dungeon.
You worshipped Trog.
Trog was most pleased with you.
You visited 2 branches of the dungeon, and saw 6 of its levels.

You collected 133 gold pieces.

Inventory:

Hand Weapons
 k - a +2 whip of freezing
 n - a +0 giant club (weapon)
Missiles
 j - 6 boomerangs (quivered)
Armour
 b - a +0 animal skin (worn)
Jewellery
 l - a ring of positive energy (left hand)
 o - a ring of positive energy (right hand)
Wands
 a - a wand of flame (19)
Scrolls
 c - a scroll of amnesia {unknown}
 e - a scroll of enchant weapon {unknown}
 f - a scroll of teleportation {unknown}
 g - a scroll of summoning {unknown}
 i - a scroll of fog {unknown}
Potions
 d - 4 potions of curing
 h - 3 potions of cancellation
 m - 3 potions of lignification
 p - 2 potions of brilliance
 q - a potion of flight {unknown}
 r - a potion of attraction {unknown}


   Skills:
 * Level 6.3 Fighting
 * Level 6.2 Maces & Flails
 * Level 2.1 Armour
 * Level 4.5 Dodging
 + Level 1.1 Stealth


You had 7 spell levels left.
You didn't know any spells.
Your spell library was empty.

Dungeon Overview and Level Annotations

Branches:
Dungeon (5/15)             Temple (1/1) D:5

Altars:
Ashenzari
Cheibriados
Dithmenos
Fedhas
Gozag
Kikubaaqudgha
Makhleb
Okawaru
Qazlal
Ru
Sif Muna
Trog
Uskayaw
Wu Jian
Xom
Yredelemnul
Zin
The Shining One


Innate Abilities, Weirdness & Mutations

You are too large for most types of armour.
You have tough skin. (AC +1)


Message History

The puff of flame hits you!
* * * LOW HITPOINT WARNING * * *
You hit something. Something hits you.
* * * LOW HITPOINT WARNING * * *
Something hits you but does no damage.
You barely miss something. Something hits you.
* * * LOW HITPOINT WARNING * * *
You miss something. Something hits you.
* * * LOW HITPOINT WARNING * * *
Something hits you but does no damage. Something hits you.
* * * LOW HITPOINT WARNING * * *
You completely miss something.
You hear some strange, mumbled words.
A magic dart appears from out of thin air!
The magic dart hits you.
* * * LOW HITPOINT WARNING * * *
A red film seems to cover your vision as you go berserk!
You feel yourself moving faster!
You feel mighty! Something hits you.
* * * LOW HITPOINT WARNING * * *
You barely miss something.
You hear some strange, mumbled words.
A magic dart appears from out of thin air!
The magic dart hits you.
* * * LOW HITPOINT WARNING * * *
You closely miss something. Something hits you but does no damage.
You closely miss something. Something hits you.
* * * LOW HITPOINT WARNING * * *
Something hits you.
* * * LOW HITPOINT WARNING * * *
You closely miss something. Something hits you but does no damage.
You miss something.
You hear some strange, mumbled words.
Something tries to affect you, but you resist.
You miss something. Something hits you.
* * * LOW HITPOINT WARNING * * *
You barely miss something. Something hits you.
* * * LOW HITPOINT WARNING * * *
You closely miss something. Something hits you but does no damage.
Something hits you.
You die...

.#.# [..# #..# #..#
#..# #..#
##.################
#>...........)...#
###############@##
#{# ... #####


There were no monsters in sight!

Vanquished Creatures
  An ice beast (D:3)
  A black bear (D:4)
  An ogre (D:5)
  A necrophage (D:5)
  A phantom (D:5)
  A bullfrog zombie (D:5)
  A centaur zombie (D:5)
  An iguana (D:4)
  Natasha (thrice) (D:2)
  An orc wizard (D:5)
  A scorpion zombie (D:5)
  A hound zombie (D:5)
  A hound skeleton (D:5)
  Robin (D:2)
  12 adders
  A shadow imp (D:5)
  A worm (D:2)
  4 dart slugs
  5 orcs
  7 ball pythons
  7 endoplasms
  3 giant cockroaches
  8 hobgoblins
  7 jackals (D:1)
  3 quokkas (D:1)
  8 bats
  3 frilled lizards (D:3)
  15 goblins
  6 kobolds
  5 rats
  A bush (D:3)
112 creatures vanquished.

Notes
Turn   | Place    | Note
-------+----------+-------------------------------------------
     0 | D:1      | lordive the Ogre Berserker began the quest for the Orb.
     0 | D:1      | Reached XP level 1. HP: 24/24 MP: 1/1
   106 | D:1      | Reached XP level 2. HP: 32/32 MP: 2/2
   131 | D:1      | Found a faded altar of an unknown god.
   381 | D:1      | Reached XP level 3. HP: 13/39 MP: 3/3
   618 | D:1      | Reached ** piety under Trog
   989 | D:2      | Noticed Robin
  1010 | D:2      | Killed Robin
  1011 | D:2      | Reached XP level 4. HP: 49/49 MP: 4/4
  1106 | D:2      | Noticed Natasha
  1117 | D:2      | HP: 2/73 [Natasha (2)]
  1118 | D:2      | Killed Natasha
  1442 | D:2      | Noticed Natasha
  1530 | D:2      | Found a blossoming altar of Fedhas.
  1624 | D:2      | Reached XP level 5. HP: 39/55 MP: 5/5
  2052 | D:2      | Killed Natasha
  2198 | D:2      | Noticed Natasha
  2207 | D:2      | Killed Natasha
  2208 | D:2      | Reached skill level 1 in Armour
  2405 | D:3      | Noticed an ice beast
  2420 | D:3      | Killed an ice beast
  2421 | D:3      | Reached skill level 5 in Fighting
  2421 | D:3      | Reached XP level 6. HP: 33/66 MP: 6/6
  2896 | D:3      | Reached *** piety under Trog
  3423 | D:3      | Found a glowing silver altar of Zin.
  3423 | D:3      | Noticed an angel
  3461 | D:4      | Noticed a black bear
  3469 | D:4      | Killed a black bear
  3470 | D:4      | Reached skill level 5 in Maces & Flails
  3470 | D:4      | Reached XP level 7. HP: 72/72 MP: 7/7
  4332 | D:5      | Entered Level 5 of the Dungeon
  4380 | D:5      | Found a staircase to the Ecumenical Temple.
  4402 | Temple   | Entered the Ecumenical Temple
  4849 | D:5      | Reached skill level 1 in Stealth
  5188 | D:5      | Reached XP level 8. HP: 28/84 MP: 8/8
  5555 | D:5      | HP: 4/126 [something (3)]
  5557 | D:5      | Slain by an orc wizard

Illustrated notes

Levels and vault maps discovered:
D:1:      lightli_arrival_statuegarden, layout_basic,
          ebering_ecumenical_altar_sacrificial
D:2:      layout_loops_ring, basic_altar, uniq_natasha, uniq_robin
D:3:      layout_rooms, zin_angel, minmay_hedge_maze
D:4:      layout_loops_cross
D:5:      layout_basic, nicolae_overflow_crystal_walls,
          minmay_temple_entry_butterflies, minmay_bent
Temple:   bh_familiar_temple

Skill      XL: |  1  2  3  4  5  6  7 |
---------------+----------------------+-----
Dodging        | 3 4 |  4.5
Maces & Flails | 3 4 5 6 |  6.2
Armour         | 1 2 |  2.1
Fighting       | 5 6 |  6.3
Stealth        | 1 |  1.1

Action                   |  1- 3 |  4- 6 |  7- 9 || total
-------------------------+-------+-------+-------++-------
Melee: Mace              |    97 |    40 |       ||   137
       Whip              |       |   207 |    87 ||   294
       Giant club        |       |       |    71 ||    71
Invok: Berserk           |     1 |     4 |     3 ||     8
  Use: Scroll            |       |     3 |     2 ||     5
       Potion            |       |     1 |       ||     1
 Stab: Sleeping          |     1 |       |     3 ||     4
Armor: Animal skin       |    37 |    51 |    32 ||   120
Dodge: Dodged            |    73 |    91 |    74 ||   238
